 Dungeon Crawl Stone Soup version 0.28-a0-1227-ga9037bb4c8 (webtiles) character file.

Game seed: 9521001535221335377

536035 freelancePsychic the Cloud Mage (level 24, -6/217 (224) HPs)
             Began as a Black Draconian Ice Elementalist on Dec 21, 2021.
             Was the Champion of Vehumet.
             Mangled by a red draconian (11 damage)
             ... on level 2 of the Realm of Zot on Dec 22, 2021.
             The game lasted 03:39:49 (55075 turns).

freelancePsychic the Cloud Mage (DrIE)             Turns: 55075, Time: 03:39:49

HP:   -6/217 (224)  AC: 20    Str: 12    XL:     24   Next: 58%
MP:   28/54         EV: 23    Int: 28    God:    Vehumet [******]
Gold: 5179          SH:  8    Dex: 12    Spells: 15/60 levels left

rFire   + + .      SeeInvis .   X - staff of air
rCold   + + +      Faith    .   n - +3 buckler {rC+ rF+}
rNeg    . . .      Spirit   .   (armour unavailable)
rPois   .          Reflect  .   (helmet restricted)
rElec   +          Harm     .   W - +2 cloak {rCorr}
rCorr   +          Rampage  .   g - +3 Mad Mage's Maulers {Infuse+∞ RegenMP Int-3}
Will    +....                   l - +0 pair of boots "Ychemit" {Regen+}
Stlth   ++........              D - amulet of magic regeneration
HPRegen 1.26/turn               u - ring "Mupnin" {rC++ MP+9 Int+3}
MPRegen 1.14/turn               R - ring "Taumocw" {rF+ EV+4 Int+4}

@: unable to drink, flying, studying 4 skills, lightly drained
A: breathe lightning, AC +12, unfitting armour, big wings, electricity
resistance, cold-blooded, weak 1, no potion heal 1
}: 3/15 runes: barnacled, slimy, gossamer
a: Breathe Lightning, Renounce Religion


You were on level 2 of the Realm of Zot.
You worshipped Vehumet.
Vehumet was exalted by your worship.
You visited 12 branches of the dungeon, and saw 51 of its levels.
You visited the Abyss 1 time.
You also visited: Gauntlet, Ice Cave and Desolation.

You collected 7457 gold pieces.
You spent 2278 gold pieces at shops.

Inventory:

Missiles
 y - 12 throwing nets
Armour
 g - the +3 Mad Mage's Maulers (worn) {Infuse+∞ RegenMP Int-3}
   (You bought it in a shop on level 2 of the Orcish Mines)

   It empowers its wearer's blows with all of their magic.
   It causes its wearer's magical reserves to regenerate more quickly.
   Int:       It affects your intelligence (-3).
 l - the +0 pair of boots "Ychemit" (worn) {Regen+}
   (You acquired it on level 12 of the Dungeon)

   Regen:     It increases your rate of health regeneration.
 n - a +3 buckler of resistance (worn)
 M - the +0 mask of the Dragon {Will+ Slay+3 SInv}
   (You found it on level 5 of the Pits of Slime)

   Slay:      It affects your accuracy & damage with ranged weapons and melee
   (+3).
   SInv:      It lets you see invisible.
   Will:      It increases your willpower.
 N - a +2 pair of gloves
 S - the +2 hat of the Bear Spirit {Spirit, *Rage Will++}
   (You found it on level 3 of the Elven Halls)

   Going berserk makes the wearer tougher, and they're slowed less afterward.
   *Rage:     It berserks you when you make melee attacks (+20% chance).
   Will:      It greatly increases your willpower.
 W - a +2 cloak of preservation (worn)
Magical Staves
 X - a staff of air (weapon)
Jewellery
 e - a ring of poison resistance
 s - an amulet of regeneration
 u - the ring "Mupnin" (left hand) {rC++ MP+9 Int+3}
   (You found it in a Gauntlet)

   [ring of magical power]

   Int:       It affects your intelligence (+3).
   rC:        It greatly protects you from cold.
   MP:        It affects your magic capacity (+9).
 D - an amulet of magic regeneration (around neck)
 R - the ring "Taumocw" (right hand) {rF+ EV+4 Int+4}
   (You found it in an ice cave)

   [ring of evasion]

   EV:        It affects your evasion (+4).
   Int:       It affects your intelligence (+4).
   rF:        It protects you from fire.
 T - the ring "Fit Nika" {rElec rF++ rCorr MP+9 Str-4}
   (You found it in the Desolation of Salt)

   [ring of resist corrosion]

   Str:       It affects your strength (-4).
   rF:        It greatly protects you from fire.
   rElec:     It insulates you from electricity.
   MP:        It affects your magic capacity (+9).
   rCorr:     It protects you from acid and corrosion.
Wands
 b - a wand of iceblast (19)
 h - a wand of flame (101)
 t - a wand of acid (25)
 x - a wand of polymorph (8)
 A - a wand of digging (21)
 F - a wand of charming (6)
 Q - a wand of mindburst (30)
 U - a wand of paralysis (11)
Scrolls
 j - 5 scrolls of magic mapping
 m - 5 scrolls of fear
 q - 8 scrolls of amnesia
 r - 18 scrolls of immolation
 v - 5 scrolls of enchant weapon
 w - 3 scrolls of torment
 z - 6 scrolls of silence
 G - 3 scrolls of brand weapon
 H - 11 scrolls of teleportation {@r4}
 J - 13 scrolls of vulnerability
 K - 5 scrolls of blinking
 V - a scroll of fog
 Y - 4 scrolls of holy word
 Z - a scroll of summoning
Potions
 a - 3 potions of berserk rage
 c - 9 potions of heal wounds {@q2}
 d - 5 potions of ambrosia
 f - 7 potions of flight
 i - 7 potions of mutation
 k - 21 potions of curing {@q1}
 o - 3 potions of invisibility
 p - 8 potions of haste {@q3}
 B - a potion of attraction
 E - 7 potions of resistance
 I - 12 potions of might
 L - 12 potions of brilliance
 O - 2 potions of cancellation
 P - 10 potions of lignification
Miscellaneous
 C - a condenser vane


   Skills:
 - Level 20.0 Fighting
 - Level 2.1 Maces & Flails
 + Level 17.2 Dodging
 - Level 1.7 Stealth
 - Level 4.0 Shields
 + Level 18.7 Spellcasting
 - Level 19.5 Conjurations
 - Level 4.0 Summonings
 - Level 7.0 Transmutations
 - Level 10.6 Ice Magic
 + Level 25.7 Air Magic


You had 15 spell levels left.
You knew the following spells:

 Your Spells              Type           Power      Damage    Failure   Level
a - Orb of Destruction    Conj           47%        9d15      1%          7
b - Ozocubu's Refrigerat  Ice            35%        4d12      5%          7
c - Ozocubu's Armour      Ice            71%        N/A       1%          3
d - Conjure Ball Lightni  Conj/Air       62%        3x3d22    0%          6
e - Chain Lightning       Conj/Air       62%        3d82      4%          9
f - Maxwell's Capacitive  Air            65%        ∞         1%          8
h - Irradiate             Conj/Tmut      39%        3d26      1%          5

Your spell library contained the following spells:

 Spells                   Type           Power      Damage    Failure   Level
 Polar Vortex             Ice            35%        N/A       99%         9
 Ignition                 Fire           13%        3d6       100%        8
 Freeze                   Ice            100%       1d11      0%          1
 Static Discharge         Conj/Air       100%       N/A       0%          2
 Freezing Cloud           Conj/Ice/Air   57%        6-21      0%          5
 Animate Skeleton         Necr           52%        N/A       1%          1
 Apportation              Tloc           52%        N/A       1%          1
 Beastly Appendage        Tmut           100%       N/A       1%          1
 Foxfire                  Conj/Fire      100%       2x1d9     1%          1
 Pain                     Necr           100%       1d9       1%          1
 Sandblast                Erth           52%        2d12      1%          1
 Slow                     Hex            100%       N/A       1%          1
 Sting                    Tmut/Pois      100%       1d8       1%          1
 Summon Small Mammal      Summ           100%       N/A       1%          1
 Ensorcelled Hibernation  Hex/Ice        100%       N/A       1%          2
 Passwall                 Tmut/Erth      38%        N/A       1%          2
 Wereblood                Tmut           60%        N/A       1%          2
 Call Canine Familiar     Summ           48%        N/A       1%          3
 Conjure Flame            Conj/Fire      69%        6-21      1%          3
 Dazzling Flash           Conj/Hex       100%       N/A       1%          3
 Frozen Ramparts          Ice            100%       1d12      1%          3
 Ignite Poison            Fire/Tmut/Pois 39%        N/A       1%          3
 Inner Flame              Hex/Fire       26%        N/A       1%          3
 Spider Form              Tmut/Pois      46%        N/A       1%          3
 Stone Arrow              Conj/Erth      100%       3d13      1%          3
 Flame Wave               Conj/Fire      69%        2d10      1%          4
 Hailstorm                Conj/Ice       84%        3d17      1%          4
 Ice Form                 Ice/Tmut       66%        N/A       1%          4
 Iskenderun's Mystic Bla  Conj/Tloc      69%        2d14      1%          4
 Sticky Flame             Conj/Fire      69%        2d8       1%          4
 Summon Ice Beast         Ice/Summ       61%        N/A       1%          4
 Summon Lightning Spire   Summ/Air       100%       N/A       1%          4
 Fireball                 Conj/Fire      34%        3d14      1%          5
 Iron Shot                Conj/Erth      34%        9d7       1%          6
 Starburst                Conj/Fire      34%        6d10      1%          6
 Sublimation of Blood     Necr           26%        N/A       2%          2
 Summon Guardian Golem    Hex/Summ       37%        N/A       2%          3
 Blade Hands              Tmut           30%        N/A       2%          5
 Petrify                  Tmut/Erth      46%        N/A       3%          4
 Yara's Violent Unravell  Hex/Tmut       23%        3d10      3%          5
 Spellforged Servitor     Conj/Summ      37%        N/A       3%          7
 Confusing Touch          Hex            26%        N/A       4%          3
 Portal Projectile        Hex/Tloc       52%        N/A       4%          3
 Tukima's Dance           Hex            26%        N/A       4%          3
 Vampiric Draining        Necr           26%        2d7       4%          3
 Olgreb's Toxic Radiance  Pois           26%        N/A       4%          4
 Alistair's Intoxication  Tmut/Pois      30%        N/A       11%         5
 Lee's Rapid Deconstruct  Erth           13%        3d10*     12%         5
 Animate Dead             Necr           13%        N/A       16%         4
 Dispel Undead            Necr           26%        3d13      16%         4
 Leda's Liquefaction      Hex/Erth       13%        N/A       16%         4
 Passage of Golubria      Tloc           26%        N/A       16%         4
 Eringya's Noxious Bog    Tmut/Pois      23%        N/A       16%         6
 Summon Forest            Summ/Tloc      18%        N/A       21%         5
 Summon Mana Viper        Hex/Summ       37%        N/A       21%         5
 Excruciating Wounds      Necr           13%        N/A       41%         5
 Statue Form              Tmut/Erth      30%        N/A       52%         6
 Dragon Form              Tmut           30%        N/A       58%         7
 Dispersal                Tloc           13%        N/A       94%         6
 Monstrous Menagerie      Summ           24%        N/A       95%         7
 Summon Hydra             Summ           24%        N/A       95%         7
 Haunt                    Necr/Summ      18%        N/A       99%         7
 Fire Storm               Conj/Fire      34%        8d9       99%         9
 Disjunction              Tloc           13%        N/A       100%        8
 Infestation              Necr           13%        N/A       100%        8
 Death's Door             Necr           13%        N/A       100%        9
 Shatter                  Erth           13%        3d13*     100%        9


Dungeon Overview and Level Annotations

Branches:
Dungeon (15/15)            Temple (1/1) D:5            Lair (6/6) D:8
 Shoals (4/4) Lair:3       Spider (4/4) Lair:2        Slime (5/5) Lair:6
    Orc (2/2) D:12            Elf (3/3) Orc:2        Vaults (4/5) D:13
  Crypt (0/3) Vaults:2     Depths (4/4) D:15           Hell (visited)
    Zot (2/5) Depths:4      IceCv (visited)         Desolation (visited)
Gauntlet (visited)
    Dis: Hell:1         Geh: Hell:1         Coc: Hell:1         Tar: Hell:1

Altars:
Ashenzari
Cheibriados
Dithmenos
Elyvilon
Fedhas
Gozag
Hepliaklqana
Kikubaaqudgha
Makhleb
Nemelex Xobeh
Okawaru
Qazlal
Ru
Sif Muna
Trog
Uskayaw
Vehumet
Wu Jian
Xom
Yredelemnul
Zin
The Shining One
Beogh
Lugonu

Shops:
D:3 [   D:7 *   Orc:2 (:?[![(   Elf:2 [*   Elf:3 =:=   Shoals:2 =   Shoals:4 [

Portals:
Hell: Depths:1 Depths:2 Depths:3 Depths:4
Abyss: Depths:1 Depths:2 Depths:3
Pandemonium: Depths:2
Ziggurat: Depths:4

Annotations:
Spider:3 Arachne
Spider:4 Roxanne
Elf:2 3 runed translucent doors, Louise


Innate Abilities, Weirdness & Mutations

You can breathe wild blasts of lightning.
Your glossy black scales are hard. (AC +12)
You cannot fit into any form of body armour.
Your large and strong wings let you fly.
You are resistant to electric shocks. (rElec)
You are cold-blooded and may be slowed by cold attacks.
You are weak. (Str -2)
Potions are less effective at restoring your health.


Message History

Unknown command.
As you read the scroll of fog, it crumbles to dust.
The scroll dissolves into smoke.
You are engulfed in blazing flames.
You resist.
* * * LOW HITPOINT WARNING * * *
The red draconian is no longer moving slowly.
The purple draconian shifter casts a spell.
The purple draconian shifter blinks!
The purple draconian shifter gestures wildly while chanting.
The purple draconian shifter blinks!
As you read the scroll of summoning, it crumbles to dust.
Wisps of shadow whirl around you...
The purple draconian shifter closely misses your red draconian scorcher.
The red draconian breathes fire at you.
The searing blast hits your ghost moth!!!
The searing blast misses you.
A red draconian comes into view. It is wielding a +0 mace.
The purple draconian hits your red draconian scorcher with a +0 scimitar!
A white draconian comes into view. It is wielding a +0 glaive.
Your ghost moth is engulfed in blazing flames.
Your red draconian scorcher hits the purple draconian shifter but does no damage.
The purple draconian breathes dispelling energy at you.
The bolt of dispelling energy hits your ghost moth!
The bolt of dispelling energy hits you!!!
Your magical effects are unravelling.
* * * LOW HITPOINT WARNING * * *
The bolt of dispelling energy hits your moth of wrath!!!
The purple draconian shifter gestures at you while chanting.
The purple draconian blinks!
The red draconian blinks into view! x2
Your moth of wrath barely misses the purple draconian.
Your red draconian scorcher breathes fire at the purple draconian shifter.
The searing blast misses the purple draconian shifter.
You swap places.
You are no longer firmly anchored in space.
The purple draconian barely misses you. The red draconian closely misses you.
The red draconian hits your purple draconian shifter with a +0 hand axe.
The red draconian hits your moth of wrath with a +0 hand axe!
The red draconian is engulfed in blazing flames.
The red draconian hits you with a +0 mace!
You die...

##d≈.## #.# ##≈...≈##
#).##### #≈)q)).§#
#.d...d. ##.q.....##
#......§##≈d^.^...≈#
#.###§.§§§§d..)..^.##
#[#.^.§§qqq§^[<..).§#
#.###§dqy§§§^.[.^^.##
#....§@y##§§.§).).≈#
#.....dd8##dd).^..##
#.#########≈dd§..≈#
##§d..≈## ##.≈.##
#.d.# 8.#


You could see a purple draconian (ally target), 2 draconians, a white draconian,
a friendly black draconian knight (summoned), a friendly purple draconian
shifter (summoned), a friendly ghost moth (summoned, invisible) and a friendly
moth of wrath (summoned).

Vanquished Creatures
  the Royal Jelly (Slime:5)
  2 ancient liches
  Saint Roka (Orc:2)
  Bai Suzhen (Vaults:3)
  Xtahua (Depths:4)
  A caustic shrike (Depths:3)
  Margery (Depths:2)
  Geryon (Hell)
  A bone dragon (Depths:4)
  A lich (Depths:3)
  2 deep elf blademasters (Elf:3)
  Asterion (Depths:1)
  The ghost of dang3rdave the Earth Mage, an adept GrCK of Okawaru (Depths:2)
  17 acid blobs
  A deep elf master archer (Elf:3)
  2 krakens
  Murray (Hell)
  The ghost of Ivviemy the Whirler, an adept HaHu of Okawaru (Depths:2)
  The ghost of Ivviemy the Whirler, an adept HaHu of Okawaru (Depths:2)
  Polyphemus (Shoals:2)
  Gastronok (Lair:3)
  4 sphinxes
  A tentacled starspawn (Abyss:2)
  A death cob (Zot:1)
  Kirke (Spider:2)
  2 draconian monks (Zot:2)
  7 tengu reavers
  3 shadow dragons
  3 storm dragons
  The ghost of Bialiabluu the Warrior, an adept GrEE of Gozag (D:15)
  Ilsuiw (Shoals:4)
  7 rockslimes
  An iron dragon (Depths:2)
  7 azure jellies (Slime:5)
  A draconian knight (Depths:4)
  8 fire giants
  Aizul (Shoals:1)
  2 frost giants (Depths:3)
  2 imperial myrmidons (Desolation)
  8 ghost moths
  10 deep elf sorcerers
  A balrug (Hell)
  10 vault wardens
  2 draconian scorchers (Zot:2)
  An emperor scorpion (Spider:4)
  2 orc warlords (Vaults:4)
  2 draconian shifters
  6 deep elf elementalists
  A spriggan defender (Depths:4)
  A reaper (Hell)
  A ghoul (Vaults:2)
  13 ironbound preservers
  13 quicksilver oozes
  7 stone giants
  3 war gargoyles
  A draconian annihilator (Depths:4)
  23 very ugly things
  6 grey draconians (Zot:2)
  12 ironbound thunderhulks
  Nessos (D:12)
  4 halazid warlocks (Desolation)
  A purple draconian (Zot:2)
  5 deep elf demonologists (Elf:3)
  9 deep elf annihilators
  4 entropy weavers
  2 yellow draconians (Depths:4)
  2 white draconians (Depths:4)
  A minotaur (Gauntlet)
  5 red draconians
  7 dire elephants
  6 deep elf death magi
  8 spark wasps
  8 merfolk impalers
  6 fire dragons
  2 crystal guardians
  8 merfolk javelineers (Shoals:4)
  A quicksilver dragon zombie (Hell)
  4 deep elf high priests
  An ettin (shapeshifter) (Vaults:4)
  7 ettins
  15 great orbs of eyes
  7 yaktaur captains
  8 ragged hierophants (Desolation)
  5 rakshasas
  Erolcha (D:10)
  5 servants of whispers (Desolation)
  4 ice dragons
  3 spriggan air magi
  A salamander tyrant (Depths:4)
  A quicksilver dragon skeleton (Hell)
  10 vault guards
  2 catoblepae
  9 peacekeepers
  Harold (D:7)
  5 boulder beetles
  11 ironbound frosthearts
  12 hydras
  6 merfolk aquamancers
  3 alligator snapping turtles
  4 satyrs
  3 ogre magi
  12 centaur warriors
  10 two-headed ogres
  2 merfolk avatars (Shoals:4)
  2 tengu warriors
  4 death yaks
  10 deep troll shamans
  Urug (D:12)
  18 dancing weapons
  An orc high priest (Orc:2)
  2 deep troll earth magi (Depths:4)
  5 thrashing horrors (Abyss:2)
  2 spriggan berserkers
  3 sun demons
  5 spriggans
  2 soul eaters
  12 hell knights (Depths:2)
  27 deep elf knights
  A shadow wraith (Abyss:2)
  2 salamander mystics (Depths:4)
  A spark wasp zombie (Hell)
  8 iron trolls
  A sixfirhy (Depths:2)
  2 storm dragon zombies
  3 spatial maelstroms (Abyss:2)
  49 deep trolls
  2 flayed ghosts
  A shadow demon (Depths:2)
  2 golden dragon zombies
  15 sea snakes
  2 starcursed masses (Abyss:2)
  A swamp dragon (Lair:6)
  8 glowing orange brains
  17 ironbound convokers
  32 deep elf zephyrmancers
  7 necromancers
  11 lindwurms
  15 wizards
  17 deep elf archers
  A tengu zombie (Vaults:4)
  An orc knight (Vaults:4)
  2 iron dragon zombies (Hell)
  11 harpies
  24 orb spiders
  41 ugly things
  44 deep elf pyromancers
  23 wolf spiders
  11 manticores
  16 fauns
  8 shining eyes
  5 orc sorcerers (Orc:2)
  A tengu skeleton (Depths:2)
  2 fire giant zombies
  4 cyclopes
  8 salamanders
  2 frost giant zombies (Hell)
  4 moths of wrath
  16 elephants
  2 stone giant skeletons (Hell)
  5 black mambas
  6 water nymphs
  15 vault sentinels
  A guardian serpent (shapeshifter) (Elf:3)
  4 guardian serpents (Desolation)
  A torpor snail (Spider:1)
  4 ice statues
  2 molten gargoyles (Hell)
  Joseph (D:8)
  A water nymph (shapeshifter) (D:15)
  16 merfolk sirens
  22 cane toads
  A yaktaur zombie (Vaults:4)
  13 komodo dragons
  7 rime drakes
  Psyche (D:12)
  18 yaktaurs
  4 freezing wraiths
  An efreet (D:14)
  An anaconda simulacrum (IceCv)
  A tengu conjurer (Depths:2)
  24 demonic crawlers
  6 meliai
  2 entropy weaver simulacra (IceCv)
  A red devil (Depths:2)
  24 jumping spiders
  A troll (shapeshifter) (D:14)
  5 trolls
  21 merfolk
  6 polar bears
  A meliai (shapeshifter) (Abyss:2)
  8 blink frogs
  A dream sheep (shapeshifter) (Vaults:4)
  6 wind drakes
  46 saltlings (Desolation)
  14 hornets
  119 slime creatures
  3 dream sheep (Shoals:2)
  A centaur simulacrum (D:14)
  9 snapping turtles
  2 air elementals
  2 ynoxinuls
  A shadow (D:12)
  A tarantella (shapeshifter) (Depths:4)
  A redback (shapeshifter) (Elf:2)
  36 tarantellas
  9 wyverns
  An ettin skeleton (Vaults:4)
  2 wraiths
  Eustachio (D:6)
  A dire elephant simulacrum (Hell)
  8 fire bats
  9 water elementals
  60 redbacks
  54 yaks
  5 basilisks
  9 fire elementals
  2 hogs (Spider:2)
  A human simulacrum (Vaults:4)
  A neqoxec (Abyss:2)
  2 death yak simulacra (IceCv)
  A catoblepas simulacrum (Hell)
  A chaos spawn (Abyss:2)
  4 golden eyes (Slime:5)
  A redback simulacrum (D:15)
  2 steam dragons (Lair:6)
  A vampire mosquito (D:13)
  A harpy simulacrum (Hell)
  3 wargs
  4 acid dragons (Lair:6)
  17 water moccasins
  A hydra simulacrum (Hell)
  2 hell hounds (Gauntlet)
  A human zombie (Hell)
  A floating eye (shapeshifter) (Depths:4)
  31 orc warriors
  A black mamba simulacrum (Hell)
  9 ice beasts
  3 black bears
  A sky beast (D:7)
  11 wolves (Lair:3)
  A necrophage (D:6)
  9 ogres
  An ettin simulacrum (Hell)
  3 boggarts (Vaults:3)
  9 centaurs
  2 phantoms (D:4)
  13 bullfrogs
  A gnoll sergeant (D:5)
  An earth elemental (Elf:3)
  5 scorpions
  A cane toad simulacrum (IceCv)
  A wyvern skeleton (D:7)
  3 small abominations (Abyss:2)
  An elephant simulacrum (IceCv)
  6 killer bees (D:8)
  10 wights
  5 howler monkeys
  4 electric eels
  A lava snake (D:10)
  A bullfrog zombie (D:5)
  5 centaur zombies
  A quasit (Abyss:2)
  19 orc priests
  3 hounds
  5 jellies (Lair:6)
  2 centaur skeletons
  13 iguanas
  26 orc wizards
  7 hell rats (Lair:3)
  2 hound skeletons (D:4)
  A howler monkey zombie (D:8)
  Robin (D:2)
  13 gnolls
  11 adders
  2 shadow imps (Gauntlet)
  3 white imps
  2 ufetubi (Abyss:2)
  A worm (D:4)
  3 dart slugs (D:2)
  88 orcs
  10 ball pythons
  8 bats
  4 endoplasms
  7 giant cockroaches
  13 goblins
  9 hobgoblins
  8 jackals
  8 kobolds
  8 quokkas
  2 frilled lizards
  4 rats
  14 ball lightnings
  A butterfly (Lair:3)
  A starspawn tentacle (Abyss:2)
  6 tentacles
2081 creatures vanquished.

Vanquished Creatures (collateral kills)
  2 two-headed ogres
  A blink frog (Lair:1)
  5 yaks
  An acid dragon (D:10)
  A water moccasin (Lair:1)
  A shadow imp (Gauntlet)
  A white imp (Gauntlet)
  A hobgoblin (D:2)
  31 ball lightnings
44 creatures vanquished.

Vanquished Creatures (others)
  A titan (Depths:3)
  A deep elf knight (Elf:2)
  A tarantella (Spider:4)
  A water elemental (Shoals:3)
  A human (Spider:2)
  An orc wizard (D:12)
  583 ball lightnings
  2 bushes (D:8)
  54 fungi
  158 plants
  5 starspawn tentacles (Abyss:2)
  10 tentacles
  4 withered plants (Depths:2)
822 creatures vanquished.

Grand Total: 2947 creatures vanquished

Notes
Turn   | Place    | Note
-------+----------+-------------------------------------------
     0 | D:1      | freelancePsychic the Draconian Ice Elementalist began the
                  | quest for the Orb.
     0 | D:1      | Reached XP level 1. HP: 14/14 MP: 3/3
   230 | D:1      | Found a faded altar of an unknown god.
   356 | D:1      | Reached XP level 2. HP: 3/22 MP: 0/5
   364 | D:1      | HP: 1/22 [jackal (2)]
   366 | D:1      | Reached skill level 1 in Fighting
  1714 | D:2      | Reached XP level 3. HP: 26/29 MP: 1/6
  1718 | D:2      | Learned a level 3 spell: Frozen Ramparts
  1722 | D:2      | Learned a level 3 spell: Ozocubu's Armour
  1902 | D:2      | Noticed Robin
  1976 | D:2      | Killed Robin
  2104 | D:2      | Reached XP level 4. HP: 36/36 MP: 8/8
  2534 | D:2      | Reached XP level 5. HP: 44/44 MP: 9/9
  2701 | D:3      | Reached skill level 5 in Ice Magic
  2703 | D:3      | Reached skill level 1 in Maces & Flails
  2987 | D:3      | Found Reotodo's Armour Emporium.
  3620 | D:3      | Found a hazy altar of Hepliaklqana.
  3812 | D:3      | Found an ornate altar of the Wu Jian Council.
  4012 | D:4      | Reached XP level 6. HP: 18/51 MP: 6/10
  4465 | D:4      | Found a sparkling altar of Nemelex Xobeh.
  4524 | D:4      | Your scales start taking on a glossy black colour.
  4524 | D:4      | Reached XP level 7. HP: 46/60 MP: 11/11
  4524 | D:4      | Gained mutation: You are resistant to electric shocks.
                  | (rElec) [Black Draconian growth]
  5583 | D:5      | Entered Level 5 of the Dungeon
  5729 | D:4      | Reached skill level 5 in Fighting
  5943 | D:5      | Found a staircase to the Ecumenical Temple.
  5953 | Temple   | Entered the Ecumenical Temple
  6079 | Temple   | Became a worshipper of Vehumet
  6206 | D:5      | Reached XP level 8. HP: 23/70 MP: 6/14
  6598 | D:5      | Found a burning altar of Makhleb.
  6863 | D:5      | Found a shimmering blue altar of Sif Muna.
  6981 | D:5      | Noticed a balrug
  7045 | D:5      | Identified the +8 hand axe of Untimely Demise {vorpal,
                  | Drain Str+2 Dex+7}
  7158 | D:5      | Identified the +6 dagger "Killer Klown's Death" {freeze,
                  | rF+ rCorr Str+4 Dex-3}
  7292 | D:6      | Reached skill level 5 in Dodging
  7292 | D:6      | Reached skill level 5 in Spellcasting
  7367 | D:6      | Noticed Eustachio
  7482 | D:6      | Killed Eustachio
  7982 | D:7      | Reached XP level 9. HP: 75/79 MP: 13/17
  8050 | D:7      | Reached skill level 1 in Air Magic
  8215 | D:7      | Reached skill level 2 in Air Magic
  8307 | D:7      | Noticed Harold
  8337 | D:7      | Reached skill level 3 in Air Magic
  8342 | D:7      | Noticed a six-headed hydra
  8681 | D:7      | Reached * piety under Vehumet
  8681 | D:7      | Offered knowledge of Shock by Vehumet.
  8682 | D:7      | Reached skill level 4 in Air Magic
  8725 | D:7      | Reached skill level 1 in Conjurations
  8809 | D:7      | Found Qiozit's Assorted Antiques.
  8814 | D:7      | Bought a scroll labelled ESECHU LOFEUJOU for 20 gold pieces
  8814 | D:7      | Bought 2 scrolls labelled ESECHU LOFEUJOU for 40 gold
                  | pieces
  8939 | D:7      | Killed Harold
  8940 | D:7      | Reached skill level 5 in Air Magic
  9010 | D:7      | Killed a six-headed hydra
  9011 | D:7      | Reached skill level 6 in Air Magic
  9011 | D:7      | Reached XP level 10. HP: 65/91 MP: 19/19
  9639 | D:8      | Found a broken altar of Ashenzari.
  9748 | D:8      | Reached skill level 7 in Air Magic
  9808 | D:8      | Found a blossoming altar of Fedhas.
 10078 | D:8      | Noticed Joseph
 10088 | D:8      | Reached skill level 10 in Fighting
 10088 | D:8      | Reached skill level 5 in Conjurations
 10119 | D:8      | Killed Joseph
 10120 | D:8      | Reached skill level 8 in Air Magic
 10160 | D:8      | Found a staircase to the Lair.
 10224 | D:8      | Offered knowledge of Static Discharge by Vehumet.
 10245 | D:7      | Reached ** piety under Vehumet
 10249 | D:7      | Learned a level 2 spell: Static Discharge
 10772 | D:9      | Noticed a two-headed ogre
 10868 | D:9      | Reached XP level 11. HP: 99/99 MP: 15/20
 10908 | D:9      | Reached skill level 9 in Air Magic
 11003 | D:9      | Found a shadowy altar of Dithmenos.
 11245 | D:9      | Reached skill level 1 in Summonings
 11317 | D:9      | Found an opulent altar of Gozag.
 11343 | D:9      | Learned a level 4 spell: Summon Ice Beast
 11405 | D:9      | Killed a two-headed ogre
 11521 | D:9      | Found an ancient bone altar of Kikubaaqudgha.
 11580 | D:10     | Entered Level 10 of the Dungeon
 11609 | D:10     | Offered knowledge of Mephitic Cloud by Vehumet.
 11700 | D:10     | Noticed a two-headed ogre
 11723 | D:10     | Killed a two-headed ogre
 12012 | D:10     | Noticed Erolcha
 12028 | D:10     | Killed Erolcha
 12070 | D:10     | Reached skill level 10 in Air Magic
 12524 | D:11     | Found a gate leading to a gauntlet.
 12533 | Gauntlet | Entered a Gauntlet
 12533 | Gauntlet | Noticed a hell hog
 12533 | Gauntlet | Noticed a fire crab
 12533 | Gauntlet | Found a transporter.
 12533 | Gauntlet | Found a transporter.
 12533 | Gauntlet | Found a transporter.
 12537 | Gauntlet | Found a transporter.
 12539 | Gauntlet | Found a transporter.
 12547 | Gauntlet | Found a transporter.
 12549 | Gauntlet | Noticed a wizard
 12564 | Gauntlet | Found a transporter.
 12565 | Gauntlet | Noticed a tengu warrior
 12569 | Gauntlet | Found a transporter.
 12586 | Gauntlet | Found a transporter.
 12594 | Gauntlet | Found a transporter.
 12612 | Gauntlet | Found a transporter.
 12664 | Gauntlet | Found a transporter.
 12665 | Gauntlet | Noticed a wizard
 12748 | Gauntlet | Identified the ring of the Madman {rN+ Int+3 Slay+4 SInv}
 12764 | Gauntlet | Reached *** piety under Vehumet
 12841 | Gauntlet | Identified the ring "Mupnin" {rC++ MP+9 Int+3}
 12861 | Gauntlet | Killed a wizard
 12864 | Gauntlet | Killed a wizard
 12954 | Gauntlet | Noticed a minotaur
 12963 | Gauntlet | Killed a minotaur
 12964 | Gauntlet | Reached skill level 11 in Air Magic
 13044 | Gauntlet | Learned a level 5 spell: Irradiate
 13048 | D:11     | Reached skill level 1 in Transmutations
 13048 | D:11     | Reached XP level 12. HP: 101/106 MP: 23/25
 13125 | D:11     | Noticed an eight-headed hydra
 13147 | D:11     | Killed an eight-headed hydra
 13456 | D:11     | Noticed a two-headed ogre
 13473 | D:11     | Killed a two-headed ogre
 13924 | Lair:1   | Entered Level 1 of the Lair of Beasts
 13941 | Lair:1   | Offered knowledge of Conjure Flame by Vehumet.
 13952 | Lair:1   | Reached skill level 5 in Transmutations
 15223 | Lair:2   | Reached **** piety under Vehumet
 15445 | Lair:2   | Identified the +1 ring mail "Canish" {rPois rCorr MP+9
                  | Slay+2}
 15555 | Lair:2   | Noticed a five-headed hydra
 15568 | Lair:2   | Killed a five-headed hydra
 15889 | Lair:2   | Found a hole to the Spider Nest.
 15902 | Lair:2   | Identified the +9 scimitar "Jonyr" {vorpal, Str+4}
 15971 | Lair:2   | Reached skill level 10 in Spellcasting
 16141 | Lair:2   | Reached XP level 13. HP: 113/113 MP: 27/27
 16305 | Lair:3   | Offered knowledge of Iskenderun's Mystic Blast by Vehumet.
 16523 | Lair:3   | Noticed Gastronok
 16709 | Lair:3   | Found a staircase to the Shoals.
 16773 | Lair:3   | Killed Gastronok
 16878 | Lair:3   | You fall into a shaft and drop 3 floors!
 16878 | Lair:6   | Entered Level 6 of the Lair of Beasts
 16949 | Lair:5   | Reached skill level 10 in Conjurations
 17197 | Lair:4   | Found a frozen archway.
 17211 | IceCv    | Entered an ice cave
 17445 | IceCv    | Reached ***** piety under Vehumet
 17563 | IceCv    | Offered knowledge of Flame Wave by Vehumet.
 17675 | IceCv    | Identified the ring "Taumocw" {rF+ EV+4 Int+4}
 17682 | IceCv    | Identified the +8 rapier "Ures Xuo" {vamp, rElec Int+4}
 18458 | Lair:4   | Reached skill level 12 in Air Magic
 19129 | Lair:5   | Gained mutation: Your large and strong wings let you fly.
                  | [Black Draconian growth]
 19129 | Lair:5   | Reached XP level 14. HP: 113/125 MP: 28/28
 19424 | D:3      | Bought a +2 pair of boots of flying for 236 gold pieces
 20732 | Lair:6   | Offered knowledge of Conjure Ball Lightning by Vehumet.
 20741 | Lair:6   | Learned a level 6 spell: Conjure Ball Lightning
 20792 | Lair:6   | Reached skill level 10 in Dodging
 21200 | Lair:6   | Reached skill level 13 in Air Magic
 21400 | Lair:6   | Found a staircase to the Slime Pits.
 22098 | D:12     | Noticed Nessos
 22301 | D:12     | Noticed Urug
 22305 | D:12     | Killed Urug
 22676 | D:12     | Killed Nessos
 22770 | D:12     | Found a staircase to the Orcish Mines.
 22770 | D:12     | You are sucked into a shaft and drop 1 floor!
 23025 | D:12     | Noticed Psyche
 23028 | D:12     | Killed Psyche
 23037 | D:12     | Identified a scroll of acquirement
 23038 | D:12     | Acquired the +0 pair of boots "Ychemit" {Regen+}
 23477 | Orc:1    | Entered Level 1 of the Orcish Mines
 23883 | Orc:2    | Entered Level 2 of the Orcish Mines
 24199 | Orc:2    | Offered knowledge of Fireball by Vehumet.
 24419 | Orc:2    | Noticed Saint Roka
 24504 | Orc:2    | Found Sujaidurch's Distillery.
 24508 | Orc:2    | Bought a potion of brilliance for 68 gold pieces
 24508 | Orc:2    | Bought a potion of haste for 170 gold pieces
 24530 | Orc:2    | Killed Saint Roka
 24586 | Orc:2    | Found a staircase to the Elven Halls.
 25133 | Orc:2    | Found Mucemiwk's Armour Boutique.
 25143 | Orc:2    | Found Rurph's Magic Scroll Shop.
 25190 | Orc:2    | Reached XP level 15. HP: 93/136 MP: 28/29
 25241 | Orc:2    | Found Koitossu's Book Shoppe.
 25333 | Orc:2    | Found Goalok's Antique Weapon Emporium.
 25391 | Orc:2    | Found Myoch's Antique Armour Boutique.
 25395 | Orc:2    | Found Okhlafemu's Antique Weapon Shop.
 25495 | Orc:2    | Bought a book of Annihilations for 840 gold pieces
 25523 | Orc:2    | Bought the +3 Mad Mage's Maulers {Infuse+∞ RegenMP Int-3}
                  | for 640 gold pieces
 25523 | Orc:2    | Found the +3 Mad Mage's Maulers {Infuse+∞ RegenMP Int-3}
 25617 | D:13     | Reached skill level 14 in Air Magic
 26288 | D:13     | Found a gate to the Vaults.
 26683 | D:14     | Offered knowledge of Orb of Destruction by Vehumet.
 26701 | D:14     | Learned a level 7 spell: Orb of Destruction
 27247 | D:15     | Entered Level 15 of the Dungeon
 27333 | D:15     | Learned a level 9 spell: Chain Lightning
 27425 | D:15     | Reached skill level 15 in Air Magic
 27745 | D:15     | Found a runed translucent gate.
 27745 | D:15     | Found a runed translucent gate.
 27745 | D:15     | Found a runed translucent gate.
 27753 | D:15     | Noticed Bialiabluu's ghost (adept GrEE)
 28072 | D:15     | Killed Bialiabluu's ghost
 28319 | D:15     | Found a staircase to the Depths.
 28384 | D:15     | Reached XP level 16. HP: 144/144 MP: 31/31
 28615 | Spider:1 | Entered Level 1 of the Spider Nest
 28621 | Spider:1 | Reached skill level 16 in Air Magic
 28701 | Spider:1 | Offered knowledge of Lee's Rapid Deconstruction by Vehumet.
 29034 | Spider:1 | Reached XP level 17. HP: 146/150 MP: 33/33
 29047 | Spider:1 | Identified the +2 plate armour of the Accordion {rElec}
 29789 | Spider:2 | Noticed Kirke
 29816 | Spider:2 | Killed Kirke
 29866 | Spider:2 | Reached skill level 17 in Air Magic
 30642 | Spider:3 | Reached skill level 15 in Conjurations
 30813 | Spider:3 | Reached ****** piety under Vehumet
 31848 | Spider:4 | Entered Level 4 of the Spider Nest
 31855 | Spider:4 | Offered knowledge of Freezing Cloud by Vehumet.
 31903 | Spider:4 | Reached skill level 18 in Air Magic
 31909 | Spider:4 | Learned a level 5 spell: Freezing Cloud
 32106 | Spider:4 | Noticed Arachne
 32778 | Spider:4 | Identified Roxanne's Handbook of Shape Shifting
 32778 | Spider:4 | Noticed Roxanne
 32797 | Spider:4 | Identified the +6 dagger "Laihimoe" {flame, rN+ Dex+4}
 32802 | Spider:4 | Reached skill level 19 in Air Magic
 33166 | Spider:4 | Got a gossamer rune of Zot
 33609 | Shoals:1 | Entered Level 1 of the Shoals
 33617 | Shoals:1 | Reached XP level 18. HP: 139/158 MP: 34/34
 33764 | Shoals:1 | Noticed Aizul
 33770 | Shoals:1 | Killed Aizul
 34085 | Shoals:1 | Offered knowledge of Ozocubu's Refrigeration by Vehumet.
 34096 | Shoals:1 | Learned a level 7 spell: Ozocubu's Refrigeration
 34710 | Shoals:2 | Noticed Polyphemus
 34716 | Shoals:2 | Killed Polyphemus
 34991 | Shoals:2 | Found Sacsirik's One-of-a-Kind Rings.
 36615 | Shoals:4 | Entered Level 4 of the Shoals
 36828 | Shoals:4 | Noticed Ilsuiw
 36836 | Shoals:4 | Killed Ilsuiw
 36976 | Shoals:4 | Offered knowledge of Polar Vortex by Vehumet.
 36976 | Shoals:4 | Offered knowledge of Ignition by Vehumet.
 36976 | Shoals:4 | Offered knowledge of Maxwell's Capacitive Coupling by
                  | Vehumet.
 37400 | Shoals:4 | Found Luteaj Wygit's Antique Armour Shop.
 37549 | Shoals:4 | Reached skill level 15 in Fighting
 37678 | Shoals:4 | Got Belust's Grimoire of Summoning
 37727 | Shoals:4 | Got a barnacled rune of Zot
 37760 | Shoals:4 | Reached XP level 19. HP: 153/170 MP: 28/36
 37879 | Shoals:4 | Reached skill level 1 in Shields
 38243 | Elf:1    | Entered Level 1 of the Elven Halls
 38392 | Elf:1    | Paralysed by an air elemental for 1 turns
 38587 | Elf:1    | Reached skill level 10 in Ice Magic
 38811 | Elf:1    | Got the Guide on Evil Curses
 39094 | Elf:1    | Cast into level 2 of the Abyss (a deep elf sorcerer)
 39297 | Abyss:2  | Found a corrupted altar of Lugonu.
 39459 | Abyss:2  | Found a corrupted altar of Lugonu.
 39476 | Abyss:2  | Found a corrupted altar of Lugonu.
 39644 | Abyss:2  | Identified the ring "Qauxzyrr" {Str+6 Dex+5 Slay-4}
 39922 | Elf:1    | Escaped the Abyss
 40008 | Elf:1    | Acquired an amulet of magic regeneration
 40253 | Elf:1    | Reached skill level 20 in Air Magic
 40371 | Elf:1    | Upgraded the game from 0.28-a0-1213-g0243856f03 to
                  | 0.28-a0-1227-ga9037bb4c8
 40500 | Elf:2    | Found Juem's Gadget Gallery.
 41002 | Elf:2    | Found Mimier's Armour Boutique.
 41009 | Elf:2    | Bought a +1 cloak of preservation for 264 gold pieces
 41172 | Elf:2    | Found a runed translucent gate.
 41173 | Elf:2    | Found a runed translucent gate.
 41173 | Elf:2    | Found a runed translucent gate.
 41241 | Elf:2    | Reached skill level 15 in Spellcasting
 41407 | Elf:2    | Noticed Louise
 41435 | Elf:3    | Entered Level 3 of the Elven Halls
 41455 | Elf:3    | Reached XP level 20. HP: 178/178 MP: 39/39
 41828 | Elf:3    | Reached skill level 21 in Air Magic
 42034 | Elf:3    | Found Weagamep's Jewellery Shop.
 42034 | Elf:3    | Found Syup's Book Shoppe.
 42035 | Elf:3    | Found Pomen's Jewellery Shop.
 42159 | Elf:3    | Identified the +1 falchion of Departure {vorpal, *Slow
                  | Str+3 Dex+4}
 42324 | Elf:3    | Identified the ring of the Coward {rF+ Str+4}
 42327 | Elf:3    | Identified the +0 halberd of Gravity {antimagic, *Noise
                  | rPois rCorr Dex-4 Stlth+}
 42510 | Elf:3    | Found the +2 hat of the Bear Spirit {Spirit, *Rage Will++}
 42510 | Elf:3    | Found the +2 hood of the Assassin {Detection Stab+ Stlth++}
 42528 | Elf:3    | Got the Incunabulum of Ghastly Clay
 42536 | Elf:3    | Got the Tome of Execration
 42940 | Vaults:1 | Entered Level 1 of the Vaults
 43366 | Vaults:1 | Learned a level 8 spell: Maxwell's Capacitive Coupling
 44132 | Vaults:1 | Found a transporter.
 44173 | Vaults:1 | Found a transporter.
 44548 | Vaults:1 | Reached skill level 22 in Air Magic
 44590 | Vaults:1 | Identified the ring "Iriwetew" {rElec AC+4}
 44601 | Vaults:1 | Identified the amulet of Faikipa {Faith rC+ rN++ Str+4
                  | Stlth-}
 44834 | Vaults:2 | Reached XP level 21. HP: 152/184 MP: 25/41
 45436 | Vaults:2 | Found a staircase to the Crypt.
 46113 | Vaults:3 | Found a crumbling gateway.
 46123 | Vaults:3 | Acquired 489 gold pieces
 46151 | Desolati | Entered the Desolation of Salt
 46287 | Desolati | Identified the ring of Ymoa {rCorr Dex+4}
 46290 | Desolati | Got the Collected Works on Vitriolic Clay
 46292 | Desolati | Identified the +11 war axe of Equilibrium {freeze, Will+}
 46295 | Desolati | Got the Compendium of the Escort
 46298 | Desolati | Identified the ring "Fit Nika" {rElec rF++ rCorr MP+9
                  | Str-4}
 46329 | Desolati | Identified the +2 robe of Recklessness {rC+ Will+}
 46333 | Desolati | Found the +3 robe of Clouds {*Thunder rCloud rElec}
 46334 | Desolati | Got Sif Muna's Grimoire of Hurtful Earth
 46337 | Desolati | Got the Collected Works on Transmigration
 46370 | Desolati | Identified the ring of Torir {Will+ EV+4 Str+4}
 46592 | Vaults:3 | Noticed Bai Suzhen
 47399 | Vaults:3 | Reached XP level 22. HP: 183/198 MP: 36/43
 47424 | Vaults:3 | Killed Bai Suzhen
 48044 | Vaults:3 | Acquired a +2 buckler of resistance
 48226 | Vaults:4 | Noticed an ancient lich
 48301 | Vaults:4 | Gained mutation: You sometimes lose the ability to read
                  | scrolls when taking damage. [mutagenic glow]
 48989 | Vaults:4 | Killed an ancient lich
 49280 | Vaults:4 | Reached skill level 23 in Air Magic
 49544 | Depths:1 | Entered Level 1 of the Depths
 49845 | Depths:1 | Found a gateway to Hell.
 49865 | Depths:1 | Found a sacrificial altar of Ru.
 49894 | Depths:1 | Noticed Asterion
 49898 | Depths:1 | Killed Asterion
 49977 | Depths:1 | Found a one-way gate to the infinite horrors of the Abyss.
 50567 | Depths:2 | Noticed Margery
 50574 | Depths:2 | Killed Margery
 50614 | Depths:2 | Reached XP level 23. HP: 202/213 MP: 36/44
 50627 | Depths:2 | Reached skill level 15 in Dodging
 50790 | Depths:2 | Found a one-way gate leading to the halls of Pandemonium.
 50811 | Depths:2 | Found a runed translucent gate.
 50811 | Depths:2 | Found a runed translucent gate.
 50812 | Depths:2 | Found a runed translucent gate.
 50814 | Depths:2 | Noticed dang3rdave's ghost (adept GrCK)
 50814 | Depths:2 | Noticed Ivviemy's ghost (adept HaHu)
 50814 | Depths:2 | Noticed Ivviemy's ghost (adept HaHu)
 50969 | Depths:2 | Identified the +3 quarterstaff of the Ninety-Nine Queens
                  | {flame, Int+6 Dex+6}
 51020 | Depths:2 | Found a corrupted altar of Lugonu.
 51529 | Depths:2 | Killed dang3rdave's ghost
 51531 | Depths:2 | Killed Ivviemy's ghost
 51531 | Depths:2 | Killed Ivviemy's ghost
 51556 | Depths:2 | Acquired 1322 gold pieces
 51649 | Depths:3 | Noticed a caustic shrike
 51650 | Depths:3 | Killed a caustic shrike
 51709 | Depths:3 | Reached skill level 24 in Air Magic
 51743 | Depths:3 | Lost mutation: You sometimes lose the ability to read
                  | scrolls when taking damage. [potion of mutation]
 51743 | Depths:3 | Gained mutation: You are weak. (Str -2) [potion of
                  | mutation]
 52320 | Hell     | Entered the Vestibule of Hell
 52320 | Hell     | Noticed Geryon
 52325 | Hell     | Killed Geryon
 52334 | Hell     | Noticed Murray
 52337 | Hell     | Killed Murray
 52430 | Hell     | Noticed an ancient lich
 52434 | Hell     | Killed an ancient lich
 52573 | Depths:4 | Entered Level 4 of the Depths
 52695 | Depths:4 | Identified the +9 halberd of Pain and Death {freeze, *Rage
                  | rElec rF+++ Int+2}
 52820 | Depths:4 | Found a one-way gateway to a ziggurat.
 52876 | Depths:4 | Found an ancient bone altar of Kikubaaqudgha.
 53243 | Depths:4 | Found a gate to the Realm of Zot.
 53256 | Depths:4 | Reached XP level 24. HP: 180/224 MP: 6/44
 53395 | Depths:4 | Noticed Xtahua
 53398 | Depths:4 | Killed Xtahua
 53956 | Slime:1  | Entered Level 1 of the Pits of Slime
 54095 | Slime:2  | Reached skill level 25 in Air Magic
 54222 | Slime:5  | Entered Level 5 of the Pits of Slime
 54277 | Slime:5  | Gained mutation: Potions are less effective at restoring
                  | your health. [a shining eye]
 54290 | Slime:5  | Noticed the Royal Jelly
 54298 | Slime:5  | Killed the Royal Jelly
 54419 | Slime:5  | Found the +0 mask of the Dragon {Will+ Slay+3 SInv}
 54474 | Slime:5  | Got the Papyrus of Flamy Envenoming
 54494 | Slime:5  | Got a slimy rune of Zot
 55004 | Zot:1    | Entered Level 1 of the Realm of Zot
 55074 | Zot:2    | HP: 4/217 [purple draconian/bolt of dispelling energy (39)]
 55075 | Zot:2    | Mangled by a red draconian

Illustrated notes

Levels and vault maps discovered:
D:1:      onia_arrival_handbag, layout_basic,
          dreamdust_ecumenical_altar_angels_and_demons
D:2:      minmay_general_purpose_star, layout_basic, uniq_robin
D:3:      layout_loops_corners, nzn_wu_jian_council_hall,
          mainiacjoe_overflow_brackets, serial_shops, shop,
          kennysheep_generic_room_4
D:4:      minmay_skewed_foursquare, layout_basic,
          nemelex_xobeh_ov_fountains_minmay, kennysheep_generic_room_9
D:5:      layout_cave_pools, mainiacjoe_overflow_paths,
          makhleb_altar_promises_db, minmay_temple_entry_antechambers,
          kennysheep_doodads
D:6:      layout_basic, st_stairs_9, nicolae_fountain_basement,
          uniq_crazy_yiuf_cottage, uniq_eustachio
D:7:      layout_loops_corners, serial_shops, shop, minmay_misc_feat_chi,
          uniq_harold
D:8:      layout_loops_cross, mainiacjoe_overflow_chevrons,
          mainiacjoe_overflow_small_starburst, minmay_lair_entry_grove,
          uniq_joseph
D:9:      layout_loops_ring, nicolae_gozag_seed_capital,
          mainiacjoe_overflow_cross_hatched, lemuel_crystal_altar
D:10:     layout_big_octagon, uniq_erolcha
D:11:     lemuel_flame_loot_2, layout_rooms, gauntlet_entry_generic,
          uniq_maurice
D:12:     layout_stronghold, david_orc_3, serial_co_window_serial,
          co_window_of_opportunity_a, co_window_of_opportunity_a,
          co_window_corner_a, co_window_paths_a, co_window_paths_b,
          co_window_broadway_b, co_window_broadway_c, co_window_unsneaky_path_c,
          co_window_broadway_b, co_window_paths_d, co_window_4corner_a,
          glass_columns_a, glass_columns_b, glass_columns_c, glass_columns_b,
          uniq_urug, uniq_psyche, uniq_nessos
D:13:     layout_loops_cross, david_vaults_4, minmay_diced_spiral
D:14:     layout_roguey, hangedman_decor_growths
D:15:     hangedman_depths_entry_try_elsewhere_first, layout_basic,
          moated_statue, gammafunk_ghost_hydra_chop
Temple:   hc_temple_tempest_star
Lair:1:   layout_cave_shapes, minivault_19, infiniplex_staircase_pool_2
Lair:2:   layout_layer_cave, nicolae_spider_entry_tight_spaces,
          lemuel_fruit_tree, grunt_megastairs_1
Lair:3:   layout_gridlike, minmay_shoals_entry_lonely_mermaid,
          serial_bayou_pond_d, uniq_gastronok
Lair:4:   layout_misc_corridors, portal_ice_cave_rime, lemuel_fruit_fields
Lair:5:   layout_small_grid, columned_hall_lemuel
Lair:6:   guppyfry_lair_end_dragon, layout_loops_ring,
          nicolae_slime_entry_slimehenge, ice2_lemuel
Shoals:1: layout_shoals, kb_tengu_band, uniq_aizul
Shoals:2: layout_shoals, nicolae_shop_unique_rings, uniq_polyphemus
Shoals:3: layout_shoals, nicolae_shoals_water_shrine
Shoals:4: shoals_end_simple, layout_shoals, shoals_ilsuiw_ice, serial_shops,
          nicolae_shop_overgrown_old_shop
Spider:1: nicolae_spider_hilbert_zone_2 [nicolae_spider_hilbert_4_sides_1_open,
          nicolae_spider_hilbert_4_sides_1_open,
          nicolae_spider_hilbert_4_sides_1_open,
          nicolae_spider_hilbert_4_sides_1_open,
          nicolae_spider_hilbert_6_sides_1_open,
          nicolae_spider_hilbert_6_sides_1_open,
          nicolae_spider_hilbert_3_sides_1_open,
          nicolae_spider_hilbert_3_sides_1_open,
          nicolae_spider_hilbert_3_sides_1_open,
          nicolae_spider_hilbert_3_sides_1_open,
          nicolae_spider_hilbert_6_sides_1_open,
          nicolae_spider_hilbert_6_sides_1_open,
          nicolae_spider_hilbert_6_sides_1_open,
          nicolae_spider_hilbert_6_sides_1_open]
Spider:2: layout_spider_delve, drop_trap, uniq_kirke
Spider:3: layout_chambers, hangedman_spider_tarantella_strand
Spider:4: grunt_spider_rune_island, drop_trap, uniq_arachne, uniq_roxanne
Slime:1:  layout_caves, cheibrodos_slime_lost_civilization_5
Slime:2:  layout_caves
Slime:3:  layout_caves
Slime:4:  layout_caves
Slime:5
Orc:1:    layout_caves
Orc:2:    grunt_orc_community_town_hall, layout_caves,
          grunt_orc_community_big_house_2, grunt_orc_community_big_house_1,
          grunt_orc_community_house_1, grunt_orc_community_house_2,
          grunt_orc_community_house_3, grunt_orc_community_house_3,
          grunt_orc_community_house_1, serial_shops,
          nicolae_shop_hallway_stairs, shop, nicolae_shop_behind_doors,
          mines4_lemuel
Elf:1:    eino_elf_arrival_customs, layout_gridlike,
          hangedman_elven_crosses_minicolossus, dk_noncrumbling_3,
          small_chamber_with_monster, nicolae_elf_glass_and_crystal_pillar_2
Elf:2:    nicolae_elf_blades_crystal_corner, layout_geoelf_diagonals,
          serial_shops, nicolae_shop_competitors_out_of_business,
          nicolae_shop_gadgets, uniq_louise
Elf:3:    minmay_elf_hall_curves, layout_loops_cross, minmay_shop_grove
Vaults:1: dpeg_vaults_monster_box, nicolae_vaults_disjoint_gnomons,
          vaults_dpeg_ring, hangedman_vaults_variations, serial_ice_b, v_misc_4,
          gammafunk_its_a_trap, ontoclasm_vaults_loading_screen,
          layout_vaults_chaotic_city
Vaults:2: vaults_room_fours, v_rooms_2, vaults_mumra_chevron_long,
          minmay_crypt_entry_simple_corners, nicolae_vaults_little_ls,
          nicolae_vaults_stairing_the_circle, nicolae_vaults_three_branches,
          nicolae_vaults_little_squares_6, layout_vaults_omnibox
Vaults:3: portal_desolation_entry_twin_temple, ontoclasm_vaults_shuriken,
          nicolae_vaults_network_s, v_misc_19, nicolae_vaults_twisting_passages,
          grunt_vaults_twisty, vaults_room_fancy_cross, v_misc_5,
          v_alt_pattern_1, layout_vaults_quadrants, serial_glass,
          uniq_bai_suzhen
Vaults:4: dpeg_vaults_pockets_of_resistance, vaults_dpeg_spiral, v_misc_11,
          v_misc_3, ontoclasm_vaults_ring_small, v_alt_pattern_3,
          vaults_room_door_ring, v_rooms_6, nicolae_vaults_mini_display_case,
          vaults_mumra_hexcomb, nicolae_vaults_ring_of_whatevers,
          layout_vaults_maze_bifur
Depths:1: layout_honeycomb, hell_entry, abyss_entry_glasseish,
          hellmonk_bongcloud_opening, serial_sigils,
          serial_sigils_hangedman_scratch, serial_sigils_hangedman_snap,
          serial_sigils_hangedman_stare, serial_sigils_hangedman_snap,
          serial_sigils_hangedman_clutch, serial_sigils_hangedman_writhe,
          nrook_campfire, nicolae_ru_great_annihilating_truth, uniq_asterion
Depths:2: minmay_the_grid_triangle_9x9_rhombus_thin_mashed
          [minmay_the_grid_triangle_9x9_impossible_snake,
          minmay_the_grid_triangle_9x9_prize_insulated,
          minmay_the_grid_triangle_9x9_longest,
          minmay_the_grid_triangle_9x9_zippers_vertical], layout_cave_pools,
          grunt_metal_band, abyss_entry_flame_altar, gammafunk_ghost_cemetery,
          corexii_hall_statues_i, rand_demon_pan_entry_5, minislime_mu,
          infiniplex_staircase_spiral_double
Depths:3: nzn_winding_woodlands_three_and_one [nzn_winding_woodlands_5x15_twine,
          nzn_winding_woodlands_5x15_pathside_ponds,
          nzn_winding_woodlands_5x15_default,
          nzn_winding_woodlands_center_triple_pond], layout_cave_shapes,
          grunt_hell_entry_dis_mu, kennysheep_nondescript, abyss_entry
Depths:4: grunt_zot_entry_funnels, layout_basic, enter_ziggurat_f,
          nicolae_figureground_sparkle, hell_entry,
          nicolae_kikubaaqudgha_miasma_corner, uniq_xtahua
Hell
Zot:1:    kennysheep_bubbly, layout_basic
Zot:2:    ebering_greatest_show_in_zot, layout_basic, grunt_megastairs_5

Skill      XL: |  1  2  3  4  5  6  7  8  9 10 11 12 13 14 15 16 17 18 19 20 21 22 23 24 |
---------------+-------------------------------------------------------------------------+-----
Fighting       | 1 2 3 4 5 7 9 10 11 13 15 16 19 20 | 20.0
Spellcasting   | 3 4 5 6 9 10 11 12 13 15 16 17 18 | 18.7
Ice Magic      | 5 6 9 10 | 10.6
Maces & Flails | 1 2 |  2.1
Dodging        | 2 4 5 7 9 10 12 14 16 17 | 17.2
Air Magic      | 6 8 11 12 13 15 16 19 20 22 23 24 25 | 25.7
Conjurations   | 3 6 9 10 11 13 14 16 17 19 | 19.5
Summonings     | 4 |  4.0
Transmutations | 1 7 |  7.0
Shields        | 4 |  4.0
Stealth        | |  1.7

Action                   |  1- 3 |  4- 6 |  7- 9 | 10-12 | 13-15 | 16-18 | 19-21 | 22-24 || total
-------------------------+-------+-------+-------+-------+-------+-------+-------+-------++-------
Melee: Dagger            |    10 |       |    40 |   159 |     7 |       |       |       ||   216
       Short sword       |    16 |    67 |       |       |       |       |       |       ||    83
       Tailslap          |     2 |    10 |    12 |    16 |    26 |     5 |     4 |     1 ||    76
       Morningstar       |       |    75 |    68 |       |       |       |       |       ||   143
       Rapier            |       |       |       |       |   138 |       |       |       ||   138
       Staff             |       |       |       |       |    51 |    39 |    29 |     8 ||   127
 Cast: Freeze            |    37 |     1 |     2 |     8 |     3 |       |       |       ||    51
       Frozen Ramparts   |     4 |    11 |    38 |    74 |    36 |       |       |       ||   163
       Ozocubu's Armour  |     1 |     7 |    19 |    34 |    21 |       |       |       ||    82
       Static Discharge  |       |       |       |    11 |       |       |       |       ||    11
       Summon Ice Beast  |       |       |       |    19 |     4 |       |       |       ||    23
       Irradiate         |       |       |       |    45 |    88 |    79 |    86 |     5 ||   303
       Conjure Ball Ligh |       |       |       |       |   160 |   106 |    14 |       ||   280
       Orb of Destructio |       |       |       |       |    15 |   157 |   104 |    39 ||   315
       Freezing Cloud    |       |       |       |       |       |    15 |       |       ||    15
       Ozocubu's Refrige |       |       |       |       |       |    33 |   172 |     8 ||   213
       Chain Lightning   |       |       |       |       |       |       |   124 |   310 ||   434
       Maxwell's Capacit |       |       |       |       |       |       |     4 |     1 ||     5
 Abil: Breathe Lightning |       |       |    23 |    17 |     3 |       |       |       ||    43
Evoke: Condenser vane    |       |       |       |       |     2 |       |       |       ||     2
       Wand              |       |       |       |       |     1 |       |       |     2 ||     3
  Use: Scroll            |     1 |     2 |     8 |    13 |    17 |    14 |    13 |     7 ||    75
       Potion            |       |       |     2 |       |     3 |     3 |     6 |     3 ||    17
 Stab: Sleeping          |     1 |     5 |       |       |       |       |       |       ||     6
       Distracted        |       |     1 |       |       |       |       |       |       ||     1
Armor: Skin              |    16 |    76 |    67 |   183 |   175 |   115 |   108 |    48 ||   788
Dodge: Dodged            |    35 |   125 |   156 |   409 |   441 |   383 |   320 |    96 ||  1965
Block: Other             |       |       |    24 |       |       |       |       |       ||    24
       Buckler           |       |       |       |       |       |       |   122 |    30 ||   152

Table legend: (Time is in decaauts)
 A = Elapsed time spent in this place.
 B = Non-inter-level travel time spent in this place.
 C = Inter-level travel time spent in this place.
 D = Time resting spent in this place.
 E = Time spent auto-exploring this place.
 F = Levels seen in this place.
 G = Mean time per level.
                   A        B        C        D        E       F      G
               +--------+--------+--------+--------+--------+-----+--------+
         Total |  55297 |  51327 |   3970 |   4001 |  36223 |  55 | 1005.4 |
       Dungeon |  18590 |  16850 |   1740 |   1438 |  12082 |  15 | 1239.3 |
        Temple |    346 |    332 |     14 |    197 |     77 |   1 |  346.0 |
          Lair |   8003 |   7031 |    972 |    421 |   5197 |   6 | 1333.8 |
        Shoals |   4454 |   4280 |    174 |    199 |   3359 |   4 | 1113.5 |
   Spider Nest |   4808 |   4590 |    218 |    415 |   3189 |   4 | 1202.0 |
    Slime Pits |    687 |    646 |     41 |    199 |    263 |   5 |  137.4 |
  Orcish Mines |   2081 |   1944 |    137 |    310 |   1065 |   2 | 1040.5 |
   Elven Halls |   3797 |   3648 |    149 |    148 |   2453 |   3 | 1265.7 |
        Vaults |   6102 |   5749 |    353 |     79 |   4565 |   4 | 1525.5 |
        Depths |   4103 |   3935 |    168 |    116 |   3137 |   4 | 1025.8 |
          Hell |     38 |     38 |      0 |      0 |      0 |   1 |   38.0 |
           Zot |     70 |     70 |      0 |     20 |     17 |   2 |   35.0 |
         Abyss |    836 |    836 |      0 |     26 |    529 |   1 |  836.0 |
      Ice Cave |    514 |    514 |      0 |    228 |     78 |   1 |  514.0 |
    Desolation |    352 |    352 |      0 |     26 |     51 |   1 |  352.0 |
      Gauntlet |    509 |    509 |      0 |    178 |    160 |   1 |  509.0 |
               +--------+--------+--------+--------+--------+-----+--------+

Top non-repeatable levels by time:
     D:4: 2067 daAuts
Vaults:3: 1734 daAuts
Vaults:1: 1729 daAuts
  Lair:2: 1689 daAuts
     D:1: 1632 daAuts
Spider:3: 1611 daAuts
  Lair:6: 1555 daAuts
   Elf:1: 1451 daAuts
Shoals:4: 1395 daAuts
   Orc:2: 1385 daAuts
     D:7: 1370 daAuts
   Elf:3: 1355 daAuts
    D:12: 1354 daAuts
  Lair:3: 1352 daAuts
Vaults:2: 1346 daAuts
